 Dungeon Crawl Stone Soup version 0.28-a0-1435-g82390b3a13 (webtiles) character file.

Game seed: 5724291808427481141

2856 sanka the Summoner (level 9, -7/66 HPs)
             Began as a Gnoll Summoner on Jan 9, 2022.
             Was a Follower of Ashenzari.
             Killed by nerve-wracking pain
             ... invoked by a shadow imp
              (14 damage)
             ... on level 7 of the Dungeon.
             The game lasted 00:14:29 (9145 turns).

sanka the Summoner (Gnoll Summoner)                 Turns: 9145, Time: 00:14:30

Health: -7/66      AC:  5    Str:  7    XL:     9   Next: 75%
Magic:  19/19      EV: 14    Int: 18    God:    Ashenzari [*.....]
Gold:   425        SH:  5    Dex: 14    Spells: 15/21 levels left

rFire   . . .      SeeInvis .   b - +1 flail (holy)
rCold   + . .      Faith    .   m - +0 buckler
rNeg    . . .      Spirit   .   n - +0 robe
rPois   .          Reflect  .   (no helmet)
rElec   .          Harm     .   j - +2 cloak of Supernal Understanding {Elem, Bglg} (curse)
rCorr   .          Rampage  .   (no gloves)
Will    .....                   (no boots)
Stlth   +++.......              i - amulet of the Restrained Yoke {RegenMP, Alch, Range} (curse)
HPRegen 0.21/turn               (no ring)
MPRegen 0.56/turn               E - ring of protection from cold

@: no status effects
A: fangs 1, strong nose, distributed training
a: Renounce Religion, Shatter the Chains


You were on level 7 of the Dungeon.
You worshipped Ashenzari.
Ashenzari was aware of your devotion.
You visited 2 branches of the dungeon, and saw 8 of its levels.

You collected 425 gold pieces.


Innate Abilities, Weirdness & Mutations

You have very sharp teeth.
Your uncanny sense of smell can sniff out nearby items.
Your experience applies equally to all skills.


   Skills:
 + Level 4.5 Fighting
 + Level 4.5 Short Blades
 + Level 4.5 Long Blades
 + Level 4.5 Axes
 + Level 4.5 Maces & Flails
 + Level 4.5 Polearms
 + Level 4.5 Staves
 + Level 4.5(5.3) Slings
 + Level 4.5(5.3) Bows
 + Level 4.5(5.3) Crossbows
 + Level 4.5(5.3) Throwing
 + Level 4.5 Armour
 + Level 6.5 Dodging
 + Level 6.2 Stealth
 + Level 4.5 Shields
 + Level 4.5 Unarmed Combat
 + Level 6.8 Spellcasting
 + Level 3.7(4.5) Conjurations
 + Level 3.7(4.5) Hexes
 + Level 8.1 Summonings
 + Level 3.7 Necromancy
 + Level 3.7(4.5) Translocations
 + Level 3.7(4.5) Transmutations
 + Level 3.7(4.5) Fire Magic
 + Level 3.7(4.5) Ice Magic
 + Level 3.7(4.5) Air Magic
 + Level 3.7(4.5) Earth Magic
 + Level 3.7(4.5) Poison Magic
 + Level 5.0 Invocations
 + Level 4.5 Evocations


You had 15 spell levels left.
You knew the following spells:

 Your Spells              Type           Power      Damage    Failure   Level
c - Call Canine Familiar  Summ           35%        N/A       1%          3
x - Call Imp              Summ           35%        N/A       1%          2
z - Summon Small Mammal   Summ           100%       N/A       1%          1

Your spell library contained the following spells:

 Spells                   Type           Power      Damage    Failure   Level
 Beastly Appendage        Tmut           44%        N/A       2%          1
 Magic Dart               Conj           88%        1d7       2%          1
 Ensorcelled Hibernation  Hex/Ice        44%        N/A       3%          2
 Searing Ray              Conj           44%        2d6       3%          2
 Wereblood                Tmut           22%        N/A       3%          2
 Summon Guardian Golem    Hex/Summ       29%        N/A       3%          3
 Spider Form              Tmut/Pois      22%        N/A       6%          3
 Tukima's Dance           Hex            22%        N/A       6%          3
 Summon Lightning Spire   Summ/Air       29%        N/A       11%         4
 Fulminant Prism          Conj/Hex       11%        3d9       22%         4
 Enfeeble                 Hex            11%        N/A       100%        7

Inventory:

Hand Weapons
 a - a +1 dagger of draining
 b - a +1 flail of holy wrath (weapon)
 e - a +3 long sword of freezing
 k - a +2 quarterstaff of chaos
Missiles
 w - a throwing net {=f}
Armour
 j - the cursed +2 cloak of Supernal Understanding (worn) {Elem, Bglg}

   It has a curse which improves the following skills: Elements: Fire Magic, Ice
   Magic, Air Magic and Earth Magic.
   Beguiling: Conjurations, Hexes and Translocations.
 m - a +0 buckler (worn)
 n - a +0 robe (worn)
 q - a scarf of harm
 x - a +0 kite shield
Jewellery
 i - the cursed amulet of the Restrained Yoke (around neck) {RegenMP, Alch, Range}

   [amulet of magic regeneration]

   It increases your rate of magic regeneration.
   It has a curse which improves the following skills: Alchemy: Poison Magic and
   Transmutations.
   Ranged Combat: Slings, Bows, Crossbows and Throwing.
 E - a ring of protection from cold (right hand)
Wands
 g - a wand of iceblast (6)
 u - a wand of paralysis (14)
 B - a wand of acid (10)
Scrolls
 c - 2 scrolls of teleportation {@r4}
 p - a scroll of amnesia
 r - a scroll of fog
 v - a scroll of magic mapping
 y - a scroll of fear
 z - a scroll of acquirement
 A - a scroll of enchant armour
 C - a scroll of immolation {!r}
Potions
 d - a potion of magic
 f - 2 potions of curing {@q1}
 h - 3 potions of brilliance
 l - a potion of cancellation
 o - 4 potions of degeneration {!q}
 s - 2 potions of flight
 t - a potion of resistance
 D - 2 potions of heal wounds {@q2}

Dungeon Overview and Level Annotations

Branches:
Dungeon (7/15)             Temple (1/1) D:5

Altars:
Ashenzari
Cheibriados
Dithmenos
Fedhas
Hepliaklqana
Kikubaaqudgha
Makhleb
Okawaru
Qazlal
Ru
Sif Muna
Trog
Uskayaw
Vehumet
Wu Jian
Xom
Yredelemnul
Zin

Shops:
D:4 (   D:6 (

Annotations:
D:3 Grinder

........))▒.▒▒.▒.▒
.........).....▒.▒
.........▒.▒.....▒
.........▒.▒.....▒
.........▒.......▒▒▒
.........▒▒........▒
.........▒▒......▒.▒▒▒
.........▒▒▒.....▒...▒
.............▒▒▒g5.▒.▒
....▒...5.▒..▒
......▒.▒.▒ .▒
▒▒▒▒..▒.▒... ▒ ...
▒...▒▒. ▒.▒▒ ▒.▒ ▒ ▒
▒+ ..▒ ..▒


You could see a shadow imp (ally target) and a friendly crimson imp (summoned).


Message History

You closely miss the howler monkey.
The howler monkey is moderately wounded.
The howler monkey hoots and howls with incredible vigour!
The shadow imp misses you.
Your crimson imp barely misses the shadow imp.
Unknown command.
You hit the howler monkey. Your bite misses the howler monkey.
The howler monkey is heavily wounded.
You block the howler monkey's attack. The shadow imp closely misses you.
Your crimson imp closely misses the shadow imp.
The howler monkey barely misses you.
Unknown command.
You sock the howler monkey!
The howler monkey is almost dead.
The shadow imp closely misses you. The howler monkey hits you.
* * * LOW HITPOINT WARNING * * *
Your crimson imp closely misses the shadow imp.
Unknown command.
You hit the howler monkey.
You kill the howler monkey!
The shadow imp gestures at you. Pain shoots through your body!
* * * LOW HITPOINT WARNING * * *
Your crimson imp hits the shadow imp.
The shadow imp gestures at you. Pain shoots through your body!
You die...

Action                   |  1- 3 |  4- 6 |  7- 9 || total
-------------------------+-------+-------+-------++-------
Melee: Unarmed           |    23 |    47 |    13 ||    83
       Bite              |     1 |     4 |    57 ||    62
       Dagger            |       |    18 |   186 ||   204
       Quarterstaff      |       |     9 |       ||     9
       Flail             |       |       |   207 ||   207
 Cast: Summon Small Mamm |     9 |     2 |     1 ||    12
       Call Imp          |     1 |    19 |    22 ||    42
       Call Canine Famil |       |     6 |    22 ||    28
Invok: Curse Item        |       |       |     2 ||     2
  Use: Scroll            |       |       |     7 ||     7
       Potion            |       |       |     1 ||     1
 Stab: Distracted        |       |     2 |     3 ||     5
       Sleeping          |       |       |     4 ||     4
Armor: Robe              |       |    24 |   106 ||   130
Dodge: Dodged            |    16 |    90 |   317 ||   423
Block: Buckler           |       |     2 |   105 ||   107

Levels and vault maps discovered:
D:1:      nzn_arrival_crosshair, layout_basic, basic_ecumenical_altar,
          minmay_curled_crystal
D:2:      layout_loops_corners, uniq_sigmund, uniq_crazy_yiuf_cottage,
          uniq_natasha
D:3:      layout_loops_ring, amcnicky_altar_gilded, uniq_grinder
D:4:      layout_cave_pools, nicolae_overflow_hidden_temple,
          hellmonk_ghost_happy_afterlife, serial_shops, nicolae_shop_trees,
          glass_columns_b, minmay_misc_feat_chi
D:5:      layout_gridville, minmay_temple_entry_wispy, minmay_starry_boxes
D:6:      layout_basic, serial_shops, shop, uniq_duvessa
D:7:      layout_basic
Temple:   minmay_temple_bridge_d

Notes
Turn   | Place    | Note
-------+----------+-------------------------------------------
     0 | D:1      | sanka the Gnoll Summoner began the quest for the Orb.
     0 | D:1      | Reached XP level 1. HP: 13/13 MP: 6/6
   562 | D:1      | Found a faded altar of an unknown god.
  1116 | D:2      | Reached XP level 2. HP: 12/19 MP: 5/7
  1226 | D:2      | Learned a level 2 spell: Call Imp
  1315 | D:2      | Noticed Sigmund
  1322 | D:2      | Killed Sigmund
  1323 | D:2      | Reached skill level 1 in Fighting
  1323 | D:2      | Reached skill level 1 in Short Blades
  1323 | D:2      | Reached skill level 1 in Long Blades
  1323 | D:2      | Reached skill level 1 in Axes
  1323 | D:2      | Reached skill level 1 in Maces & Flails
  1323 | D:2      | Reached skill level 1 in Polearms
  1323 | D:2      | Reached skill level 1 in Staves
  1323 | D:2      | Reached skill level 1 in Slings
  1323 | D:2      | Reached skill level 1 in Bows
  1323 | D:2      | Reached skill level 1 in Crossbows
  1323 | D:2      | Reached skill level 1 in Throwing
  1323 | D:2      | Reached skill level 1 in Armour
  1323 | D:2      | Reached skill level 1 in Shields
  1323 | D:2      | Reached skill level 1 in Unarmed Combat
  1323 | D:2      | Reached skill level 5 in Spellcasting
  1323 | D:2      | Reached skill level 1 in Conjurations
  1323 | D:2      | Reached skill level 1 in Hexes
  1323 | D:2      | Reached skill level 1 in Necromancy
  1323 | D:2      | Reached skill level 1 in Translocations
  1323 | D:2      | Reached skill level 1 in Transmutations
  1323 | D:2      | Reached skill level 1 in Fire Magic
  1323 | D:2      | Reached skill level 1 in Ice Magic
  1323 | D:2      | Reached skill level 1 in Air Magic
  1323 | D:2      | Reached skill level 1 in Earth Magic
  1323 | D:2      | Reached skill level 1 in Poison Magic
  1323 | D:2      | Reached skill level 1 in Invocations
  1323 | D:2      | Reached skill level 1 in Evocations
  1323 | D:2      | Reached XP level 3. HP: 4/26 MP: 5/9
  1323 | D:2      | Reached XP level 4. HP: 4/32 MP: 6/11
  1323 | D:2      | Reached XP level 5. HP: 5/37 MP: 6/12
  1591 | D:2      | Learned a level 3 spell: Call Canine Familiar
  2084 | D:2      | Found a runed translucent door.
  2085 | D:2      | Noticed Crazy Yiuf
  2189 | D:2      | Noticed Natasha
  2194 | D:2      | Killed Natasha
  2390 | D:3      | Found a burning altar of Makhleb.
  2799 | D:3      | Noticed Grinder
  2807 | D:3      | Reached skill level 2 in Invocations
  2807 | D:3      | Reached XP level 6. HP: 18/44 MP: 8/13
  3233 | D:2      | Killed Crazy Yiuf
  3548 | D:4      | Reached skill level 2 in Fighting
  3548 | D:4      | Reached skill level 2 in Short Blades
  3548 | D:4      | Reached skill level 2 in Long Blades
  3548 | D:4      | Reached skill level 2 in Axes
  3548 | D:4      | Reached skill level 2 in Maces & Flails
  3548 | D:4      | Reached skill level 2 in Polearms
  3548 | D:4      | Reached skill level 2 in Staves
  3548 | D:4      | Reached skill level 2 in Slings
  3548 | D:4      | Reached skill level 2 in Bows
  3548 | D:4      | Reached skill level 2 in Crossbows
  3548 | D:4      | Reached skill level 2 in Throwing
  3548 | D:4      | Reached skill level 2 in Armour
  3548 | D:4      | Reached skill level 5 in Dodging
  3548 | D:4      | Reached skill level 2 in Shields
  3548 | D:4      | Reached skill level 2 in Unarmed Combat
  3548 | D:4      | Reached skill level 2 in Evocations
  3720 | D:4      | Noticed kae's ghost (amateur DrTm)
  3723 | D:4      | Found a runed translucent door.
  3751 | D:4      | Reached XP level 7. HP: 35/50 MP: 15/15
  3949 | D:4      | Found Naorus's Weapon Shoppe.
  4306 | D:4      | Reached skill level 2 in Conjurations
  4306 | D:4      | Reached skill level 2 in Hexes
  4306 | D:4      | Reached skill level 2 in Necromancy
  4306 | D:4      | Reached skill level 2 in Translocations
  4306 | D:4      | Reached skill level 2 in Transmutations
  4306 | D:4      | Reached skill level 2 in Fire Magic
  4306 | D:4      | Reached skill level 2 in Ice Magic
  4306 | D:4      | Reached skill level 2 in Air Magic
  4306 | D:4      | Reached skill level 2 in Earth Magic
  4306 | D:4      | Reached skill level 2 in Poison Magic
  4417 | D:4      | Found a shimmering altar of Xom.
  4573 | D:4      | HP: 5/51 [kae's ghost (5)]
  4605 | D:4      | Killed kae's ghost
  4606 | D:4      | Reached skill level 5 in Stealth
  4606 | D:4      | Reached skill level 3 in Invocations
  4867 | D:5      | Entered Level 5 of the Dungeon
  5033 | D:5      | Found a staircase to the Ecumenical Temple.
  5042 | Temple   | Entered the Ecumenical Temple
  5343 | Temple   | Became a worshipper of Ashenzari the Shackled
  5532 | D:5      | Reached XP level 8. HP: 47/57 MP: 16/16
  5629 | D:5      | Reached skill level 3 in Fighting
  5629 | D:5      | Reached skill level 3 in Short Blades
  5629 | D:5      | Reached skill level 3 in Long Blades
  5629 | D:5      | Reached skill level 3 in Axes
  5629 | D:5      | Reached skill level 3 in Maces & Flails
  5629 | D:5      | Reached skill level 3 in Polearms
  5629 | D:5      | Reached skill level 3 in Staves
  5629 | D:5      | Reached skill level 3 in Slings
  5629 | D:5      | Reached skill level 3 in Bows
  5629 | D:5      | Reached skill level 3 in Crossbows
  5629 | D:5      | Reached skill level 3 in Throwing
  5629 | D:5      | Reached skill level 3 in Armour
  5629 | D:5      | Reached skill level 3 in Shields
  5629 | D:5      | Reached skill level 3 in Unarmed Combat
  5629 | D:5      | Reached skill level 3 in Evocations
  5862 | D:5      | Reached skill level 6 in Spellcasting
  5863 | D:5      | HP: 1/58 [gnoll (7)]
  7247 | D:6      | Reached skill level 4 in Invocations
  7362 | D:6      | Reached skill level 3 in Conjurations
  7362 | D:6      | Reached skill level 3 in Hexes
  7362 | D:6      | Reached skill level 3 in Necromancy
  7362 | D:6      | Reached skill level 3 in Translocations
  7362 | D:6      | Reached skill level 3 in Transmutations
  7362 | D:6      | Reached skill level 3 in Fire Magic
  7362 | D:6      | Reached skill level 3 in Ice Magic
  7362 | D:6      | Reached skill level 3 in Air Magic
  7362 | D:6      | Reached skill level 3 in Earth Magic
  7362 | D:6      | Reached skill level 3 in Poison Magic
  7459 | D:6      | Reached skill level 6 in Dodging
  7459 | D:6      | Reached XP level 9. HP: 33/65 MP: 18/18
  7511 | D:6      | Reached skill level 4 in Fighting
  7511 | D:6      | Reached skill level 4 in Short Blades
  7511 | D:6      | Reached skill level 4 in Long Blades
  7511 | D:6      | Reached skill level 4 in Axes
  7511 | D:6      | Reached skill level 4 in Maces & Flails
  7511 | D:6      | Reached skill level 4 in Polearms
  7511 | D:6      | Reached skill level 4 in Staves
  7511 | D:6      | Reached skill level 4 in Slings
  7511 | D:6      | Reached skill level 4 in Bows
  7511 | D:6      | Reached skill level 4 in Crossbows
  7511 | D:6      | Reached skill level 4 in Throwing
  7511 | D:6      | Reached skill level 4 in Armour
  7511 | D:6      | Reached skill level 4 in Shields
  7511 | D:6      | Reached skill level 4 in Unarmed Combat
  7511 | D:6      | Reached skill level 4 in Evocations
  7689 | D:6      | Found Ycadgh's Weapon Emporium.
  7824 | D:6      | Noticed Duvessa
  7826 | D:6      | Noticed Dowan
  7833 | D:6      | Reached skill level 6 in Stealth
  7833 | D:6      | Reached skill level 8 in Summonings
  8116 | D:6      | Killed Duvessa
  8137 | D:6      | Killed Dowan
  8335 | D:7      | Reached * piety under Ashenzari
  8335 | D:7      | Identified a potion of resistance
  8335 | D:7      | Identified a scroll of acquirement
  9093 | D:7      | Reached skill level 5 in Invocations
  9145 | D:7      | Killed from afar by a shadow imp

Vanquished Creatures
  A water moccasin (D:6)
  Duvessa (D:6)
  2 black bears
  A necrophage (D:6)
  2 ogres (D:6)
  2 centaurs (D:6)
  2 phantoms
  A kobold brigand (D:7)
  A bullfrog (D:7)
  A water moccasin zombie (D:5)
  2 water moccasin skeletons (D:5)
  5 wights (D:7)
  3 howler monkeys (D:7)
  A jelly (D:5)
  An orc priest (D:3)
  A hound (D:5)
  An iguana (D:5)
  An orc wizard (D:4)
  A howler monkey zombie (D:6)
  An adder (D:4)
  A gnoll (D:5)
  2 shadow imps
  An ufetubus (D:7)
  3 adder skeletons
  A worm (D:5)
  3 orcs (D:4)
  3 ball pythons
  A bat (D:3)
  An endoplasm (D:1)
  2 kobolds
  3 quokkas
  4 goblins (D:4)
  A rat (D:3)
57 creatures vanquished.

Vanquished Creatures (collateral kills)
  Sigmund (D:2)
  The ghost of kae the Changer, an amateur DrTm (D:4)
  An acid dragon (D:7)
  An ice beast (D:6)
  A black bear (D:6)
  A necrophage (D:4)
  A gnoll sergeant (D:5)
  A scorpion (D:4)
  Dowan (D:6)
  A bullfrog zombie (D:6)
  An orc priest (D:4)
  Crazy Yiuf (D:2)
  A centaur skeleton (D:6)
  Natasha (D:2)
  An iguana (D:4)
  A hound skeleton (D:4)
  3 adders
  4 gnolls (D:5)
  A white imp (D:6)
  A worm (D:4)
  A dart slug (D:2)
  2 orcs (D:3)
  2 ball pythons
  A giant cockroach (D:2)
  A goblin (D:4)
  3 hobgoblins
  3 kobolds
  2 frilled lizards
  A rat (D:2)
41 creatures vanquished.

Grand Total: 98 creatures vanquished
